 Dungeon Crawl Stone Soup version 0.27-a0-1144-g0b7d3b79db (webtiles) character file.

Game seed: 11668585582566568988

425 robertstho the Chopper (level 6, 0/56 HPs)
             Began as a Minotaur Berserker on May 10, 2021.
             Was a Priest of Trog.
             Slain by a goblin
             ... wielding a +0 club
              (1 damage)
             ... on level 4 of the Dungeon.
             The game lasted 00:03:05 (3466 turns).

robertstho the Chopper (Minotaur Berserker)         Turns: 3466, Time: 00:03:07

Health: 0/56       AC:  2    Str: 22    XL:     6   Next: 64%
Magic:  14/14      EV: 10    Int:  5    God:    Trog [***...]
Gold:   56         SH:  0    Dex: 10    Spells: 5/5 levels left

rFire    . . .     SeeInvis .   a - +0 hand axe
rCold    . . .     Faith    .   d - +0 kite shield
rNeg     . . .     Spirit   .   b - +0 animal skin
rPois    .         Reflect  .   (helmet restricted)
rElec    .         Harm     .   (no cloak)
rCorr    .         Rampage  .   (no gloves)
Will     .....                  (no boots)
Stlth    +.........             (no amulet)
HPRegen  0.18/turn              h - ring of magical power
MPRegen  0.14/turn              (no ring)

@: confused, on berserk cooldown, slowed, very slow
A: horns 2, retaliatory headbutt
a: Renounce Religion, Berserk, Trog's Hand


You were on level 4 of the Dungeon.
You worshipped Trog.
Trog was most pleased with you.
You visited 1 branch of the dungeon, and saw 4 of its levels.

You collected 76 gold pieces.
You spent 20 gold pieces at shops.

Inventory:

Hand Weapons
 a - a +0 hand axe (weapon)
Missiles
 j - 5 boomerangs of dispersal
Armour
 b - a +0 animal skin (worn)
 d - a +0 kite shield (worn)
Jewellery
 h - a ring of magical power (left hand)
Scrolls
 c - 2 scrolls of enchant armour {unknown}
 g - a scroll of magic mapping {unknown}
 i - 2 scrolls of blinking
 k - a scroll of fear {unknown}
 m - a scroll of noise {unknown}
 o - a scroll of vulnerability {unknown}
 p - a scroll of amnesia {unknown}
 q - a scroll of brand weapon
Potions
 e - a potion of heal wounds {unknown}
 f - a potion of curing {unknown}
 l - a potion of flight {unknown}
 n - a potion of lignification


   Skills:
 + Level 5.1 Fighting
 + Level 6.4 Axes
 + Level 2.7 Armour
 + Level 3.9 Dodging
 + Level 1.0 Stealth
 + Level 2.5 Shields


You had 5 spell levels left.
You didn't know any spells.
Your spell library was empty.

Dungeon Overview and Level Annotations

Branches:
Dungeon (4/15)
 Temple: D:4-7

Altars:

Shops:
D:2 ?


Innate Abilities, Weirdness & Mutations

You have a pair of horns on your head.
You reflexively headbutt those who attack you in melee.


Message History

Trog accepts your kill.
You slash something! You closely miss something. Something hits you. x2
Unknown command.
You slash the orc!
You kill the orc!
Trog accepts your kill.
You closely miss something. You miss something.
You hear some strange, mumbled words.
A puff of flame appears from out of thin air!
The puff of flame hits you! Something hits you!
You are too injured to fight recklessly!
Unknown command.
You are too injured to fight recklessly!
You closely miss something. You miss something. Something hits you.
You miss something. You barely miss something.
You hear some strange, mumbled words.
You are confused.
Something hits you. Something hits you!
You miss something. Something hits you.
You're too confused to move!
Something hits you but does no damage.
You're too confused to move!
You feel a strong urge to attack something.
You are no longer berserk.
You are exhausted.
You feel yourself slow down. Something hits you. x2
* * * LOW HITPOINT WARNING * * *
You hit something. You closely miss the goblin. You hit something.
Something hits you.
* * * LOW HITPOINT WARNING * * *
The goblin hits you with a +0 club.
* * * LOW HITPOINT WARNING * * *
Something hits you.
* * * LOW HITPOINT WARNING * * *
You hear some strange, mumbled words.
A magic dart appears from out of thin air!
The magic dart hits you!
* * * LOW HITPOINT WARNING * * *
The goblin hits you with a +0 club.
You die...

#.# #.# #.###########
#.#.........# #.
#.#.........#
#.##.#.........#
#.#..#.........######
#>...'......)@.......
#.#.##....).{{g######
#.#.######..))......
#.#.######..........
#........+...........
###.######.........).
#.##...#...........
#.##...#...........
#..'....########..


You could see a goblin.

Vanquished Creatures
  A black bear (D:4)
  An ogre (D:4)
  A scorpion (D:4)
  An orc priest (D:4)
  An orc wizard (D:4)
  An iguana (D:4)
  An adder (D:2)
  An adder skeleton (D:4)
  A worm (D:3)
  A dart slug (D:2)
  9 orcs (D:4)
  3 bats
  6 endoplasms
  2 giant cockroaches
  4 goblins
  3 hobgoblins
  21 jackals
  10 kobolds
  2 quokkas
  3 ball pythons
  4 frilled lizards
  6 rats
83 creatures vanquished.

Notes
Turn   | Place    | Note
-------+----------+-------------------------------------------
     0 | D:1      | robertstho the Minotaur Berserker began the quest for the
                  | Orb.
     0 | D:1      | Reached XP level 1. HP: 19/19 MP: 0/0
   414 | D:1      | Reached XP level 2. HP: 27/27 MP: 1/1
   594 | D:1      | Reached skill level 4 in Axes
  1171 | D:2      | Found Osumok's Magic Scroll Shop.
  1201 | D:2      | Reached XP level 3. HP: 21/33 MP: 2/2
  1206 | D:2      | Bought a scroll of identify for 20 gold pieces
  1487 | D:2      | Reached ** piety under Trog
  2321 | D:3      | Reached XP level 4. HP: 34/40 MP: 3/3
  2750 | D:3      | Reached skill level 5 in Axes
  3007 | D:4      | Noticed a scorpion
  3016 | D:4      | Reached skill level 1 in Shields
  3021 | D:4      | Killed a scorpion
  3022 | D:4      | Reached XP level 5. HP: 47/47 MP: 4/4
  3052 | D:4      | Noticed an ogre
  3056 | D:4      | Killed an ogre
  3092 | D:4      | Reached XP level 6. HP: 50/55 MP: 5/5
  3094 | D:4      | Reached *** piety under Trog
  3095 | D:4      | Reached skill level 6 in Axes
  3186 | D:4      | Reached skill level 5 in Fighting
  3186 | D:4      | Reached skill level 1 in Stealth
  3466 | D:4      | HP: 1/56 [something/magic dart (7)]
  3466 | D:4      | Slain by a goblin

Illustrated notes

Levels and vault maps discovered:
D:1:      tarquinn_simple_flora_water_b, layout_basic
D:2:      layout_rooms, serial_shops, nicolae_shop_stone
D:3:      layout_basic
D:4:      layout_basic

Skill      XL: |  1  2  3  4  5  6 |
---------------+-------------------+-----
Fighting       | 4 5 |  5.1
Axes           | 4 5 6 |  6.4
Dodging        | 3 |  3.9
Shields        | 1 2 |  2.5
Stealth        | 1 |  1.0
Armour         | |  2.7

Action                   |  1- 3 |  4- 6 || total
-------------------------+-------+-------++-------
Melee: Hand axe          |    94 |    80 ||   174
       Headbutt          |    16 |    15 ||    31
Invok: Berserk           |     2 |     4 ||     6
  Use: Scroll            |     1 |     3 ||     4
Armor: Animal skin       |    18 |    11 ||    29
Dodge: Dodged            |    47 |    41 ||    88
Block: Kite shield       |    38 |    34 ||    72

Table legend: (Time is in decaauts)
 A = Elapsed time spent in this place.
 B = Non-inter-level travel time spent in this place.
 C = Inter-level travel time spent in this place.
 D = Time resting spent in this place.
 E = Time spent auto-exploring this place.
 F = Levels seen in this place.
 G = Mean time per level.
                   A        B        C        D        E       F      G
               +--------+--------+--------+--------+--------+-----+--------+
         Total |   3572 |   3469 |    103 |    215 |   2774 |   4 |  893.0 |
       Dungeon |   3572 |   3469 |    103 |    215 |   2774 |   4 |  893.0 |
               +--------+--------+--------+--------+--------+-----+--------+

Top non-repeatable levels by time:
     D:1: 1133 daAuts
     D:2: 1073 daAuts
     D:3: 881 daAuts
     D:4: 484 daAuts
